AoeStats
← EMPEROR98265292

Arabia

507431937Analyzed
1v1 RM · 14d ago on Sep 18, 2026· 80m 28s· 2 players
Game mode
Random Map
Map size
Tiny (2 player)
Population
200
Speed
Normal
Resources
Standard
Victory
Conquest
Starting age
Dark Age
Ending age
Imperial Age
RankedLock teamsTeams togetherTeam positionsShared explorationLock speedFull tech treeHidden civsTurbo modeCheats
Victory
Defeat
🇮🇳 Inca · India
1545
+19
🇵🇰 Georgians · Pakistan
1608
-19
EMPEROR98265292
11:04 Feudal Age
11:07 Champi Runner
11:54 Loom
17:17 Fletching
19:20 Padded Archer Armor
24:04 Castle Age
22:31 Scale Mail Armor
24:04 Scale Mail Armor
24:06 Crossbowman
24:48 Bodkin Arrow
28:47 Leather Archer Armor
29:30 Double-Bit Axe
33:00 Pikeman
37:00 Ballistics
42:11 Scale Mail Armor
45:39 Wheelbarrow
48:31 Imperial Age
46:59 Horse Collar
48:17 Chain Mail Armor
48:13 Forging
47:24 Champi Warrior
48:59 Thumb Ring
48:34 Arbalester
49:22 Bracer
49:53 Capped Ram
52:24 Chemistry
53:05 Ring Archer Armor
54:16 Elite Skirmisher
56:41 Iron Casting
56:49 Squires
56:55 Elite Champi Warrior
58:49 Plate Mail Armor
59:58 Blast Furnace
63:35 Hand Cart
64:30 Halberdier
64:46 Capped Ram
66:21 Siege Ram
73:08 Andean Sling
73:09 Fabric Shields
73:29 Conscription
75:02 Bow Saw
74:52 Heavy Plow
ZeroStrat96
6:29 Loom
9:57 Feudal Age
10:49 Double-Bit Axe
18:26 Fletching
18:37 Padded Archer Armor
20:41 Wheelbarrow
22:00 Horse Collar
25:14 Castle Age
24:23 Bloodlines
24:48 Gold Mining
25:17 Elite Skirmisher
25:54 Bodkin Arrow
31:11 Husbandry
31:29 Leather Archer Armor
32:04 Bow Saw
47:06 Imperial Age
45:24 Ballistics
46:24 Stone Mining
49:06 Bracer
51:30 Chemistry
59:06 Scale Barding Armor
60:53 Light Cavalry
63:03 Chain Barding Armor
64:39 Plate Barding Armor
63:48 Treadmill Crane
64:20 Masonry
63:55 Hussar
65:10 Forging
66:31 Parthian Tactics
66:01 Town Watch
66:09 Heavy Cavalry Archer
68:38 Architecture
71:48 Hand Cart
73:52 Heavy Plow
Connection lost

Rejoining the realm…

Still unreachable

The connection could not be restored.

Session expired

The server has moved on; the page needs a fresh start.